Stars vs Capitals

Created - December 21, 2016 at 17:59

Goals
1 2 3 T
Stars 1 0 1 2
Capitals 2 1 0 3
Shots
1 2 3 T
Stars 7 7 11 25
Capitals 19 9 4 32

1st period

1. Capitals , Derek Dorsett 2 (Ryan Kesler, Dmitri Orlov) at 3:03
2. Capitals , Mathieu Perreault 6 (Alexander Ovechkin, Ryan McDonagh) at 10:51 (PP)
3. Stars , Paul Byron 4 (Duncan Keith, Mike Richards) at 12:35 (PP)

Penalties :
Mike Richards (DAL) for Holding (Minor) at 9:04, Ryan Murphy (WSH) for Roughing (Minor) at 11:09, Brandon Manning (DAL) for Hooking (Minor) at 14:02, Gregory Campbell (DAL) for High sticking (Minor) at 17:52

2nd period

4. Capitals , Mathieu Perreault 7 (Dmitri Orlov, Alexander Ovechkin) at 9:08

Penalties :
Mike Richards (DAL) for Hooking (Minor) at 5:04, Gregory Campbell (DAL) for Holding (Minor) at 9:52

3rd period

5. Stars , Jonathan Huberdeau 11 (Evgeni Malkin, Duncan Keith) at 0:18

Penalties :
Viktor Stalberg (WSH) for Roughing (Minor) at 0:20, Ryan Murphy (WSH) for Hooking (Minor) at 7:28, Jonathan Huberdeau (DAL) for Slashing (Minor) at 12:33, Calvin de Haan (WSH) for Hooking (Minor) at 17:10

Goalie Stats

Jonathan Quick (DAL), 29 saves from 32 shots - (0.906), L, 17-16-1, 59:01 minutes
Cam Ward (WSH), 23 saves from 25 shots - (0.920), W, 16-5-3, 60:00 minutes

Players Stats for Stars

Player Name              G  A  P  +/- PIM S  H  SB GA TA FO     MP     PP MP  PK MP  
------------------------------------------------------------------------------------
Adam Pardy               0  0  0   0  0   1  0  1  0  0  0/0    12:07   0:51   0:09 
Brad Malone              0  0  0   0  0   0  0  0  0  0  0/0     2:41   0:06   2:35 
Brandon Manning          0  0  0   0  2   0  2  0  0  0  0/0    11:06   0:00   0:00 
Dainius Zubrus           0  0  0  -1  0   1  3  0  0  0  0/0    11:21   0:00   0:00 
Duncan Keith             0  2  2  -1  0   5  0  3  0  0  0/0    26:23   4:15   5:28 
Evgeni Malkin            0  1  1   1  0   4  0  0  0  0  3/8    22:26   4:26   0:00 
Gregory Campbell         0  0  0  -1  4   0  0  0  0  0  0/2    11:19   0:00   0:00 
Jason Demers             0  0  0   0  0   0  1  3  0  0  0/0    22:30   3:08   6:14 
John Klingberg           0  0  0   0  0   0  0  1  0  0  0/0    25:44   3:24   6:05 
John Mitchell            0  0  0  -1  0   1  3  0  0  0  9/15   15:44   0:00   4:23 
Jonathan Huberdeau       1  0  1   1  2   5  0  0  0  0  0/0    21:05   3:42   0:14 
Mike Richards            0  1  1  -1  4   2  0  0  0  0  11/17  17:23   2:51   3:00 
Nikita Kucherov          0  0  0  -1  0   1  0  1  0  0  1/1    16:05   3:41   0:00 
Nikita Nesterov          0  0  0   0  0   0  0  0  0  0  0/0     0:00   0:00   0:00 
Paul Byron               1  0  1  -1  0   1  5  0  0  0  1/1    23:40   2:51   6:11 
Paul Stastny             0  0  0   1  0   3  1  0  0  0  29/41  26:23   4:26   7:01 
Shawn Thornton           0  0  0   0  0   0  0  0  0  0  0/0     0:06   0:06   0:00 
Zdeno Chara              0  0  0  -1  0   1  1  5  0  0  0/0    22:09   3:08   5:28 

Players Stats for Capitals

Player Name              G  A  P  +/- PIM S  H  SB GA TA FO     MP     PP MP  PK MP  
------------------------------------------------------------------------------------
Alexander Ovechkin       0  2  2   0  0   4  1  0  0  0  1/3    18:22   5:08   0:00 
Andrew Desjardins        0  0  0   0  0   1  1  0  0  0  2/2    12:19   0:00   0:16 
Calvin de Haan           0  0  0   0  2   0  1  0  0  0  0/0    19:46   5:45   2:53 
Cody Eakin               0  0  0   1  0   1  0  0  0  0  8/17    9:12   0:00   5:30 
David Desharnais         0  0  0   1  0   2  0  0  0  0  3/15   20:33   6:34   1:37 
Derek Dorsett            1  0  1   1  0   2  0  0  0  0  3/9    11:17   5:08   1:37 
Dmitri Orlov             0  2  2   2  0   0  0  0  0  0  0/0     4:53   0:00   0:00 
Jack Johnson             0  0  0   0  0   1  0  0  0  0  0/0    11:44   0:00   0:35 
Jiri Tlusty              0  0  0   0  0   2  0  1  0  0  1/1    12:03   0:00   0:00 
Mathieu Perreault        2  0  2   0  0   8  0  0  0  0  0/2    18:22   5:08   0:00 
Matt Stajan              0  0  0   0  0   0  1  1  0  0  5/9    12:03   0:00   0:00 
Mike Green               0  0  0   1  0   0  0  2  0  0  0/0    26:09   5:57   3:58 
Morgan Rielly            0  0  0   0  0   3  0  4  0  0  0/0    22:15   5:45   3:05 
Ryan Kesler              0  1  1   0  0   4  2  1  0  0  7/15   16:30   0:00   0:00 
Ryan McDonagh            0  1  1  -1  0   1  1  1  0  0  0/0    21:40   5:57   4:15 
Ryan Murphy              0  0  0   0  4   0  1  2  0  0  0/0    13:30   0:00   0:00 
Taylor Hall              0  0  0   0  0   3  1  0  0  0  1/11   24:16   6:34   5:46 
Viktor Stalberg          0  0  0   0  2   0  7  0  0  0  0/1    17:39   6:34   0:00 

3 Stars

1 - Mathieu Perreault (WSH)
2 - Dmitri Orlov (WSH)
3 - Paul Byron (DAL)

Power Play

Stars - 1 on 4 Attempt(s) - 25.00%
Capitals - 1 on 6 Attempt(s) - 16.67%

Penalty Kill

Stars - 5 on 6 Attempt(s) - 83.33% - Score 0 goal in Penalty Kill
Capitals - 3 on 4 Attempt(s) - 75.00% - Score 0 goal in Penalty Kill

Team Stat

Stars - Hits : 16 - Faceoff Wins : 54 - Blocked Shots : 14 - Penalty Minutes : 12
Capitals - Hits : 16 - Faceoff Wins : 31 - Blocked Shots : 12 - Penalty Minutes : 8

Official

Referees : Eric Furlatt and Kyle Rehman
Linesman : David Brisebois and Lonnie Cameron

Game Notes

No Game Note

Finance

Level 1 -- Attendance: 2120 (32.62%) -- Ticket Income $530,000
Level 2 -- Attendance: 1493 (29.86%) -- Ticket Income $298,600
Level 3 -- Attendance: 891 (25.46%) -- Ticket Income $155,925
Level 4 -- Attendance: 666 (26.58%) -- Ticket Income $99,900
Luxury Box -- Attendance: 411 (41.10%) -- Ticket Income $164,400
Game was played at the Verizon Center.
Total Attendance: 5581 (30.16%)
Total Ticket Income: $1,248,825
Other Income: $187,324
Total Income: $1,436,149

% Time on Ice - Stars

Lines # - Real PCT - Wanted PCT - Time Play
Normal Forward
1 - 28% - 37% - 11:04
2 - 29% - 25% - 11:34
3 - 28% - 19% - 11:21
4 - 15% - 19% - 6:06
Normal Defense
1 - 34% - 35% - 13:33
2 - 33% - 35% - 13:08
3 - 28% - 15% - 11:07
4 - 6% - 15% - 2:17
PP Forward
1 - 61% - 55% - 4:32
2 - 39% - 45% - 2:51
PP Defense
1 - 58% - 55% - 4:15
2 - 42% - 45% - 3:08
PK Forward
1 - 63% - 60% - 7:19
2 - 37% - 40% - 4:23
PK Defense
1 - 47% - 50% - 5:28
2 - 53% - 50% - 6:14
PK3 Forward
1 - 0% - 55%
2 - 0% - 45%
PK3 Defense
1 - 0% - 50%
2 - 0% - 50%
44 Forward
1 - 0% - 50%
2 - 0% - 50%
44 Defense
1 - 0% - 50%
2 - 0% - 50%
Last Minute Offensive  - 0:50
Last Minute Defensive  - 0:00
Total
Forward - 60:00
Defense - 60:00

% Time on Ice - Capitals

Lines # - Real PCT - Wanted PCT - Time Play
Normal Forward
1 - 33% - 33% - 13:14
2 - 28% - 30% - 11:06
3 - 30% - 22% - 12:03
4 - 9% - 15% - 3:42
Normal Defense
1 - 26% - 33% - 10:31
2 - 34% - 26% - 13:32
3 - 28% - 26% - 11:09
4 - 12% - 15% - 4:53
PP Forward
1 - 56% - 60% - 6:34
2 - 44% - 40% - 5:08
PP Defense
1 - 51% - 60% - 5:57
2 - 49% - 40% - 5:45
PK Forward
1 - 78% - 60% - 5:46
2 - 22% - 40% - 1:37
PK Defense
1 - 54% - 60% - 4:01
2 - 46% - 40% - 3:22
PK3 Forward
1 - 0% - 60%
2 - 0% - 40%
PK3 Defense
1 - 0% - 60%
2 - 0% - 40%
44 Forward
1 - 0% - 60%
2 - 0% - 40%
44 Defense
1 - 0% - 60%
2 - 0% - 40%
Last Minute Offensive  - 0:00
Last Minute Defensive  - 0:50
Total
Forward - 60:00
Defense - 60:00

Play by Play

1st period


0:01 of 1st period - Ryan Kesler wins face-off versus Paul Stastny in neutral zone.
0:29 of 1st period - Shot by Paul Stastny.
0:29 of 1st period - Stopped by Cam Ward with a rebound.
0:33 of 1st period - Shot by Evgeni Malkin.
0:33 of 1st period - Shot Blocked by Ryan Kesler.
0:35 of 1st period - Shot by Evgeni Malkin.
0:35 of 1st period - Shot Misses the Net.
1:16 of 1st period - Shot by Nikita Kucherov.
1:16 of 1st period - Stopped by Cam Ward without a rebound.
1:17 of 1st period - Matt Stajan wins face-off versus John Mitchell in Capitals zone.
1:17 of 1st period - Matt Stajan is hit by Dainius Zubrus.
1:20 of 1st period - Calvin de Haan is hit by Dainius Zubrus and loses puck.
1:35 of 1st period - Shot by Matt Stajan.
1:35 of 1st period - Deflect By Jiri Tlusty.
1:35 of 1st period - Stopped by Jonathan Quick without a rebound.
1:36 of 1st period - Mike Richards wins face-off versus David Desharnais in Stars zone.
2:13 of 1st period - Shot by Taylor Hall.
2:13 of 1st period - Shot Blocked by Jason Demers.
2:46 of 1st period - Off-side.
2:47 of 1st period - Cody Eakin wins face-off versus John Mitchell in neutral zone.
2:52 of 1st period - Zdeno Chara is hit by Ryan Kesler and loses puck.
2:57 of 1st period - Shot by Ryan Kesler.
2:57 of 1st period - Stopped by Jonathan Quick with a rebound.
2:59 of 1st period - Shot by Ryan Kesler.
2:59 of 1st period - Shot Misses the Net.
3:01 of 1st period - Shot by Ryan Kesler.
3:01 of 1st period - Shot Misses the Net.
3:03 of 1st period - Shot by Derek Dorsett.
3:03 of 1st period - Goal by Derek Dorsett - Stars : 0 - Capitals : 1.
3:04 of 1st period - Jiri Tlusty wins face-off versus Paul Stastny in neutral zone.
3:11 of 1st period - Shot by Jiri Tlusty.
3:11 of 1st period - Shot Hit the Post.
3:13 of 1st period - Shot by Jack Johnson.
3:13 of 1st period - Stopped by Jonathan Quick without a rebound.
3:14 of 1st period - Paul Stastny wins face-off versus Cody Eakin in Stars zone.
5:14 of 1st period - Icing by John Klingberg.
5:15 of 1st period - John Mitchell wins face-off versus Ryan Kesler in Stars zone.
5:51 of 1st period - Shot by Mathieu Perreault.
5:51 of 1st period - Shot Blocked by Adam Pardy.
5:53 of 1st period - Shot by Mathieu Perreault.
5:53 of 1st period - Stopped by Jonathan Quick without a rebound.
5:54 of 1st period - Matt Stajan wins face-off versus Paul Stastny in Stars zone.
6:15 of 1st period - Shot by Evgeni Malkin.
6:15 of 1st period - Shot Misses the Net.
6:23 of 1st period - Duncan Keith is hit by Matt Stajan and loses puck.
6:56 of 1st period - Shot by Taylor Hall.
6:56 of 1st period - Shot Blocked by Nikita Kucherov.
8:19 of 1st period - Shot by John Mitchell.
8:19 of 1st period - Deflect By Dainius Zubrus.
8:19 of 1st period - Stopped by Cam Ward without a rebound.
8:20 of 1st period - Matt Stajan wins face-off versus Paul Stastny in Capitals zone.
8:27 of 1st period - Shot by Evgeni Malkin.
8:27 of 1st period - Shot Misses the Net.
8:29 of 1st period - Shot by Evgeni Malkin.
8:29 of 1st period - Shot Blocked by Jiri Tlusty.
8:31 of 1st period - Shot by Jonathan Huberdeau.
8:31 of 1st period - Shot Misses the Net.
8:33 of 1st period - Shot by Zdeno Chara.
8:33 of 1st period - Shot Blocked by Matt Stajan.
8:35 of 1st period - Shot by Paul Stastny.
8:35 of 1st period - Stopped by Cam Ward with a rebound.
8:39 of 1st period - Shot by Paul Stastny.
8:39 of 1st period - Shot Blocked by Morgan Rielly.
8:59 of 1st period - Shot by Andrew Desjardins.
8:59 of 1st period - Stopped by Jonathan Quick without a rebound.
9:00 of 1st period - Nikita Kucherov wins face-off versus Mathieu Perreault in Stars zone.
9:04 of 1st period - Minor Penalty to Mike Richards for Holding.
9:05 of 1st period - Derek Dorsett wins face-off versus Paul Stastny in Stars zone.
9:40 of 1st period - Shot by Alexander Ovechkin.
9:40 of 1st period - Shot Misses the Net.
9:42 of 1st period - Shot by Ryan McDonagh.
9:42 of 1st period - Shot Blocked by Zdeno Chara.
9:44 of 1st period - Shot by Mathieu Perreault.
9:44 of 1st period - Stopped by Jonathan Quick without a rebound.
9:45 of 1st period - John Mitchell wins face-off versus Taylor Hall in Stars zone.
10:14 of 1st period - Shot by David Desharnais.
10:14 of 1st period - Stopped by Jonathan Quick without a rebound.
10:15 of 1st period - John Mitchell wins face-off versus Derek Dorsett in Stars zone.
10:29 of 1st period - Alexander Ovechkin is hit by Zdeno Chara and loses puck.
10:41 of 1st period - Icing by Alexander Ovechkin.
10:42 of 1st period - Derek Dorsett wins face-off versus Paul Stastny in Capitals zone.
10:51 of 1st period - Shot by Mathieu Perreault.
10:51 of 1st period - The goal is going for a video replay.
10:51 of 1st period - The goal is good.
10:51 of 1st period - Goal by Mathieu Perreault - Stars : 0 - Capitals : 2.
10:52 of 1st period - David Desharnais wins face-off versus John Mitchell in neutral zone.
11:09 of 1st period - Minor Penalty to Ryan Murphy for Roughing.
11:10 of 1st period - Cody Eakin wins face-off versus Paul Stastny in Capitals zone.
11:26 of 1st period - Shot by Evgeni Malkin.
11:26 of 1st period - Stopped by Cam Ward without a rebound.
11:27 of 1st period - Cody Eakin wins face-off versus Mike Richards in Capitals zone.
12:02 of 1st period - Shot by David Desharnais.
12:02 of 1st period - Deflect By Derek Dorsett.
12:02 of 1st period - Stopped by Jonathan Quick without a rebound.
12:03 of 1st period - Paul Stastny wins face-off versus Cody Eakin in Stars zone.
12:09 of 1st period - Off-side.
12:10 of 1st period - Paul Stastny wins face-off versus Cody Eakin in neutral zone.
12:31 of 1st period - Shot by Paul Stastny.
12:31 of 1st period - Stopped by Cam Ward without a rebound.
12:32 of 1st period - Mike Richards wins face-off versus Cody Eakin in Capitals zone.
12:35 of 1st period - Shot by Paul Byron.
12:35 of 1st period - Goal by Paul Byron - Stars : 1 - Capitals : 2.
12:36 of 1st period - Ryan Kesler wins face-off versus Evgeni Malkin in neutral zone.
13:09 of 1st period - Shot by Ryan Kesler.
13:09 of 1st period - Shot Blocked by Duncan Keith.
13:11 of 1st period - Shot by Ryan Kesler.
13:11 of 1st period - Stopped by Jonathan Quick with a rebound.
13:30 of 1st period - Icing by Evgeni Malkin.
13:31 of 1st period - Evgeni Malkin wins face-off versus Viktor Stalberg in Stars zone.
13:55 of 1st period - Mike Green is hit by Dainius Zubrus.
14:02 of 1st period - Minor Penalty to Brandon Manning for Hooking.
14:03 of 1st period - Paul Stastny wins face-off versus Derek Dorsett in Stars zone.
14:03 of 1st period - Paul Stastny is hit by Alexander Ovechkin.
14:27 of 1st period - Shot by Alexander Ovechkin.
14:27 of 1st period - Stopped by Jonathan Quick without a rebound.
14:28 of 1st period - Paul Byron wins face-off versus Taylor Hall in Stars zone.
14:53 of 1st period - Shot by Ryan McDonagh.
14:53 of 1st period - Shot Misses the Net.
15:13 of 1st period - Duncan Keith is hit by Viktor Stalberg.
16:07 of 1st period - Shot by Matt Stajan.
16:07 of 1st period - Shot Misses the Net.
16:35 of 1st period - Shot by Morgan Rielly.
16:35 of 1st period - Stopped by Jonathan Quick without a rebound.
16:36 of 1st period - Ryan Kesler wins face-off versus Evgeni Malkin in Stars zone.
16:45 of 1st period - Shot by Alexander Ovechkin.
16:45 of 1st period - Stopped by Jonathan Quick without a rebound.
16:46 of 1st period - Cody Eakin wins face-off versus Paul Stastny in Stars zone.
16:51 of 1st period - Shot by Ryan Kesler.
16:51 of 1st period - Stopped by Jonathan Quick without a rebound.
16:52 of 1st period - Paul Stastny wins face-off versus Mathieu Perreault in Stars zone.
16:59 of 1st period - Shot by Ryan Kesler.
16:59 of 1st period - Stopped by Jonathan Quick without a rebound.
17:00 of 1st period - Evgeni Malkin wins face-off versus Ryan Kesler in Stars zone.
17:41 of 1st period - Shot by Ryan Kesler.
17:41 of 1st period - Deflect By Alexander Ovechkin.
17:41 of 1st period - Shot Misses the Net.
17:52 of 1st period - Minor Penalty to Gregory Campbell for High sticking.
17:53 of 1st period - Paul Stastny wins face-off versus Taylor Hall in Stars zone.
18:24 of 1st period - Shot by David Desharnais.
18:24 of 1st period - Stopped by Jonathan Quick without a rebound.
18:25 of 1st period - Paul Stastny wins face-off versus Derek Dorsett in Stars zone.
18:54 of 1st period - Shot by Mathieu Perreault.
18:54 of 1st period - Stopped by Jonathan Quick without a rebound.
18:55 of 1st period - Taylor Hall wins face-off versus John Mitchell in Stars zone.
18:56 of 1st period - Shot by Morgan Rielly.
18:56 of 1st period - Stopped by Jonathan Quick without a rebound.
18:57 of 1st period - Paul Stastny wins face-off versus Taylor Hall in Stars zone.
19:29 of 1st period - Jason Demers is hit by Viktor Stalberg and loses puck.
19:57 of 1st period - Icing by Brandon Manning.
19:58 of 1st period - John Mitchell wins face-off versus Ryan Kesler in Stars zone.
Goals for this period are 1 for Stars vs 2 for Capitals.
Shots for this period are 7 for Stars vs 19 for Capitals.

2nd period


0:01 of 2nd period - Ryan Kesler wins face-off versus Paul Stastny in neutral zone.
0:15 of 2nd period - Shot by Ryan Kesler.
0:15 of 2nd period - Shot Blocked by Zdeno Chara.
0:30 of 2nd period - Shot by Jonathan Huberdeau.
0:30 of 2nd period - Stopped by Cam Ward without a rebound.
0:31 of 2nd period - David Desharnais wins face-off versus Mike Richards in Capitals zone.
0:38 of 2nd period - Icing by Viktor Stalberg.
0:39 of 2nd period - Mike Richards wins face-off versus David Desharnais in Capitals zone.
0:46 of 2nd period - Shot by Nikita Kucherov.
0:46 of 2nd period - Shot Blocked by Morgan Rielly.
0:56 of 2nd period - Shot by Nikita Kucherov.
0:56 of 2nd period - Shot Blocked by Ryan Murphy.
1:09 of 2nd period - Off-side.
1:10 of 2nd period - Paul Stastny wins face-off versus Ryan Kesler in neutral zone.
1:37 of 2nd period - Shot by Alexander Ovechkin.
1:37 of 2nd period - Shot Blocked by Duncan Keith.
1:39 of 2nd period - Shot by Ryan McDonagh.
1:39 of 2nd period - Stopped by Jonathan Quick without a rebound.
1:40 of 2nd period - Andrew Desjardins wins face-off versus Mike Richards in Stars zone.
2:08 of 2nd period - Shot by Jiri Tlusty.
2:08 of 2nd period - Stopped by Jonathan Quick without a rebound.
2:09 of 2nd period - Ryan Kesler wins face-off versus Evgeni Malkin in Stars zone.
2:12 of 2nd period - Shot by Alexander Ovechkin.
2:12 of 2nd period - Stopped by Jonathan Quick without a rebound.
2:13 of 2nd period - Paul Stastny wins face-off versus Ryan Kesler in Stars zone.
2:27 of 2nd period - Shot by Evgeni Malkin.
2:27 of 2nd period - Stopped by Cam Ward with a rebound.
2:50 of 2nd period - Shot by Evgeni Malkin.
2:50 of 2nd period - Stopped by Cam Ward without a rebound.
2:51 of 2nd period - Mike Richards wins face-off versus David Desharnais in Capitals zone.
3:15 of 2nd period - Icing by Morgan Rielly.
3:16 of 2nd period - John Mitchell wins face-off versus David Desharnais in Capitals zone.
4:06 of 2nd period - Shot by Cody Eakin.
4:06 of 2nd period - Stopped by Jonathan Quick without a rebound.
4:07 of 2nd period - Paul Stastny wins face-off versus Alexander Ovechkin in Stars zone.
4:07 of 2nd period - Jonathan Huberdeau is hit by Ryan Kesler and loses puck.
4:23 of 2nd period - Shot by Jonathan Huberdeau.
4:23 of 2nd period - Stopped by Cam Ward without a rebound.
4:24 of 2nd period - Andrew Desjardins wins face-off versus Mike Richards in Capitals zone.
4:24 of 2nd period - Andrew Desjardins is hit by Paul Byron.
4:58 of 2nd period - Nikita Kucherov is hit by Calvin de Haan and loses puck.
5:04 of 2nd period - Minor Penalty to Mike Richards for Hooking.
5:05 of 2nd period - Paul Stastny wins face-off versus Taylor Hall in Stars zone.
5:14 of 2nd period - Paul Stastny is hit by Viktor Stalberg and loses puck.
7:13 of 2nd period - Andrew Desjardins is hit by Brandon Manning.
7:27 of 2nd period - Shot by Dainius Zubrus.
7:27 of 2nd period - Shot Misses the Net.
8:35 of 2nd period - Ryan Kesler is hit by Paul Byron and loses puck.
8:54 of 2nd period - Shot by Alexander Ovechkin.
8:54 of 2nd period - Shot Blocked by Zdeno Chara.
8:56 of 2nd period - Shot by Dmitri Orlov.
8:56 of 2nd period - Shot Misses the Net.
9:06 of 2nd period - Shot by Mathieu Perreault.
9:06 of 2nd period - Shot Blocked by Zdeno Chara.
9:08 of 2nd period - Shot by Mathieu Perreault.
9:08 of 2nd period - Goal by Mathieu Perreault - Stars : 1 - Capitals : 3.
9:09 of 2nd period - Paul Stastny wins face-off versus David Desharnais in neutral zone.
9:14 of 2nd period - Icing by Ryan McDonagh.
9:15 of 2nd period - Paul Stastny wins face-off versus David Desharnais in Capitals zone.
9:34 of 2nd period - Shot by Jonathan Huberdeau.
9:34 of 2nd period - Shot Misses the Net.
9:44 of 2nd period - Shot by Evgeni Malkin.
9:44 of 2nd period - Shot Misses the Net.
9:46 of 2nd period - Shot by Paul Stastny.
9:46 of 2nd period - Shot Blocked by Mike Green.
9:48 of 2nd period - Shot by Adam Pardy.
9:48 of 2nd period - Stopped by Cam Ward without a rebound.
9:49 of 2nd period - Ryan Kesler wins face-off versus John Mitchell in Capitals zone.
9:49 of 2nd period - Ryan Kesler is hit by John Mitchell.
9:52 of 2nd period - Minor Penalty to Gregory Campbell for Holding.
9:53 of 2nd period - Derek Dorsett wins face-off versus Paul Stastny in Stars zone.
9:56 of 2nd period - Shot by Mathieu Perreault.
9:56 of 2nd period - Stopped by Jonathan Quick without a rebound.
9:57 of 2nd period - Paul Stastny wins face-off versus Derek Dorsett in Stars zone.
10:03 of 2nd period - Icing by Morgan Rielly.
10:04 of 2nd period - Paul Stastny wins face-off versus Derek Dorsett in Capitals zone.
10:19 of 2nd period - Shot by Mathieu Perreault.
10:19 of 2nd period - Shot Blocked by Zdeno Chara.
10:50 of 2nd period - Shot by John Mitchell.
10:50 of 2nd period - Stopped by Cam Ward without a rebound.
10:51 of 2nd period - Paul Stastny wins face-off versus Taylor Hall in Capitals zone.
11:13 of 2nd period - Shot by David Desharnais.
11:13 of 2nd period - Shot Blocked by John Klingberg.
11:15 of 2nd period - Shot by Viktor Stalberg.
11:15 of 2nd period - Shot Blocked by Jason Demers.
12:54 of 2nd period - Shot by Evgeni Malkin.
12:54 of 2nd period - Shot Misses the Net.
13:24 of 2nd period - Calvin de Haan is hit by Paul Byron and loses puck.
13:56 of 2nd period - Icing by Jack Johnson.
13:57 of 2nd period - Mike Richards wins face-off versus Alexander Ovechkin in Capitals zone.
13:58 of 2nd period - Shot by Nikita Kucherov.
13:58 of 2nd period - Deflect By Mike Richards.
13:58 of 2nd period - Stopped by Cam Ward with a rebound.
14:04 of 2nd period - Shot by Paul Stastny.
14:04 of 2nd period - Shot Misses the Net.
15:08 of 2nd period - Jason Demers is hit by Viktor Stalberg.
15:55 of 2nd period - Off-side.
15:56 of 2nd period - Ryan Kesler wins face-off versus Evgeni Malkin in neutral zone.
16:15 of 2nd period - Icing by Ryan Kesler.
16:16 of 2nd period - Cody Eakin wins face-off versus John Mitchell in Capitals zone.
16:22 of 2nd period - Off-side.
16:23 of 2nd period - Evgeni Malkin wins face-off versus David Desharnais in neutral zone.
16:55 of 2nd period - Icing by Evgeni Malkin.
16:56 of 2nd period - Matt Stajan wins face-off versus Evgeni Malkin in Stars zone.
17:10 of 2nd period - Shot by Jonathan Huberdeau.
17:10 of 2nd period - Shot Misses the Net.
17:46 of 2nd period - Calvin de Haan is hit by John Mitchell and loses puck.
18:02 of 2nd period - Alexander Ovechkin is hit by Brandon Manning.
18:10 of 2nd period - Shot by Alexander Ovechkin.
18:10 of 2nd period - Stopped by Jonathan Quick without a rebound.
18:11 of 2nd period - Mike Richards wins face-off versus David Desharnais in Stars zone.
18:11 of 2nd period - John Klingberg is hit by Viktor Stalberg and loses puck.
18:18 of 2nd period - Shot by Taylor Hall.
18:18 of 2nd period - Stopped by Jonathan Quick with a rebound.
18:20 of 2nd period - Shot by Taylor Hall.
18:20 of 2nd period - Stopped by Jonathan Quick without a rebound.
18:21 of 2nd period - John Mitchell wins face-off versus Ryan Kesler in Stars zone.
19:38 of 2nd period - Icing by Adam Pardy.
19:39 of 2nd period - Paul Stastny wins face-off versus Matt Stajan in Stars zone.
Goals for this period are 0 for Stars vs 1 for Capitals.
Shots for this period are 7 for Stars vs 9 for Capitals.

3rd period


0:01 of 3rd period - Paul Stastny wins face-off versus Ryan Kesler in neutral zone.
0:18 of 3rd period - Shot by Evgeni Malkin.
0:18 of 3rd period - Deflect By Jonathan Huberdeau.
0:18 of 3rd period - The goal is going for a video replay.
0:18 of 3rd period - The goal is good.
0:18 of 3rd period - Goal by Jonathan Huberdeau - Stars : 2 - Capitals : 3.
0:19 of 3rd period - Mike Richards wins face-off versus David Desharnais in neutral zone.
0:19 of 3rd period - Mike Richards is hit by Viktor Stalberg.
0:20 of 3rd period - Minor Penalty to Viktor Stalberg for Roughing.
0:21 of 3rd period - Paul Stastny wins face-off versus Cody Eakin in Capitals zone.
0:34 of 3rd period - Shot by Evgeni Malkin.
0:34 of 3rd period - Shot Misses the Net.
2:44 of 3rd period - Shot by John Mitchell.
2:44 of 3rd period - Shot Misses the Net.
3:13 of 3rd period - Icing by Brandon Manning.
3:14 of 3rd period - John Mitchell wins face-off versus Matt Stajan in Stars zone.
3:14 of 3rd period - John Mitchell is hit by Andrew Desjardins.
4:50 of 3rd period - Mike Green is hit by Paul Byron and loses puck.
4:56 of 3rd period - Off-side.
4:57 of 3rd period - John Mitchell wins face-off versus Matt Stajan in neutral zone.
6:28 of 3rd period - Icing by Ryan Kesler.
6:29 of 3rd period - John Mitchell wins face-off versus Ryan Kesler in Capitals zone.
6:29 of 3rd period - John Mitchell is hit by Ryan Murphy.
7:13 of 3rd period - Shot by Paul Stastny.
7:13 of 3rd period - Shot Blocked by Morgan Rielly.
7:15 of 3rd period - Shot by Evgeni Malkin.
7:15 of 3rd period - Shot Blocked by Morgan Rielly.
7:17 of 3rd period - Shot by Duncan Keith.
7:17 of 3rd period - Stopped by Cam Ward with a rebound.
7:21 of 3rd period - Shot by Jonathan Huberdeau.
7:21 of 3rd period - Shot Misses the Net.
7:25 of 3rd period - Shot by Jonathan Huberdeau.
7:25 of 3rd period - Shot Misses the Net.
7:28 of 3rd period - Minor Penalty to Ryan Murphy for Hooking.
7:29 of 3rd period - Cody Eakin wins face-off versus Mike Richards in Capitals zone.
8:22 of 3rd period - Icing by Nikita Kucherov.
8:23 of 3rd period - Paul Stastny wins face-off versus Cody Eakin in Stars zone.
9:39 of 3rd period - Shot by Morgan Rielly.
9:39 of 3rd period - Stopped by Jonathan Quick without a rebound.
9:40 of 3rd period - Alexander Ovechkin wins face-off versus Gregory Campbell in Stars zone.
9:54 of 3rd period - Off-side.
9:55 of 3rd period - Mike Richards wins face-off versus Matt Stajan in neutral zone.
9:58 of 3rd period - Matt Stajan is hit by Paul Byron and loses puck.
10:11 of 3rd period - Shot by Nikita Kucherov.
10:11 of 3rd period - Deflect By Mike Richards.
10:11 of 3rd period - Stopped by Cam Ward with a rebound.
10:13 of 3rd period - Shot by Duncan Keith.
10:13 of 3rd period - Stopped by Cam Ward without a rebound.
10:14 of 3rd period - David Desharnais wins face-off versus Gregory Campbell in Capitals zone.
10:18 of 3rd period - Viktor Stalberg is hit by John Mitchell and loses puck.
11:19 of 3rd period - Icing by Jonathan Huberdeau.
11:20 of 3rd period - Paul Stastny wins face-off versus Cody Eakin in Stars zone.
11:32 of 3rd period - Shot by Jonathan Huberdeau.
11:32 of 3rd period - Stopped by Cam Ward without a rebound.
11:33 of 3rd period - Matt Stajan wins face-off versus Mike Richards in Capitals zone.
11:58 of 3rd period - Shot by Mike Richards.
11:58 of 3rd period - Shot Blocked by Ryan Murphy.
12:10 of 3rd period - Shot by Mike Richards.
12:10 of 3rd period - Shot Misses the Net.
12:25 of 3rd period - Andrew Desjardins is hit by Jason Demers and loses puck.
12:33 of 3rd period - Minor Penalty to Jonathan Huberdeau for Slashing.
12:34 of 3rd period - Paul Stastny wins face-off versus Taylor Hall in Stars zone.
12:43 of 3rd period - Shot by Ryan McDonagh.
12:43 of 3rd period - Shot Misses the Net.
12:45 of 3rd period - Shot by Ryan McDonagh.
12:45 of 3rd period - Shot Misses the Net.
12:47 of 3rd period - Shot by Ryan McDonagh.
12:47 of 3rd period - Shot Misses the Net.
12:49 of 3rd period - Shot by Taylor Hall.
12:49 of 3rd period - Deflect By David Desharnais.
12:49 of 3rd period - Shot Hit the Post.
12:51 of 3rd period - Shot by Taylor Hall.
12:51 of 3rd period - Stopped by Jonathan Quick without a rebound.
12:52 of 3rd period - Paul Stastny wins face-off versus Derek Dorsett in Stars zone.
13:18 of 3rd period - Shot by Mathieu Perreault.
13:18 of 3rd period - Stopped by Jonathan Quick without a rebound.
13:19 of 3rd period - Paul Stastny wins face-off versus Taylor Hall in Stars zone.
13:19 of 3rd period - Paul Stastny is hit by Viktor Stalberg.
13:26 of 3rd period - Icing by Calvin de Haan.
13:27 of 3rd period - Paul Stastny wins face-off versus Taylor Hall in Capitals zone.
13:33 of 3rd period - Icing by Morgan Rielly.
13:34 of 3rd period - Paul Stastny wins face-off versus Taylor Hall in Capitals zone.
15:33 of 3rd period - Shot by Ryan Kesler.
15:33 of 3rd period - Shot Blocked by Duncan Keith.
15:45 of 3rd period - Shot by Mathieu Perreault.
15:45 of 3rd period - Stopped by Jonathan Quick without a rebound.
15:46 of 3rd period - Mike Richards wins face-off versus David Desharnais in Stars zone.
16:17 of 3rd period - Shot by Taylor Hall.
16:17 of 3rd period - Shot Misses the Net.
16:19 of 3rd period - Shot by Ryan Murphy.
16:19 of 3rd period - Shot Blocked by Jason Demers.
16:27 of 3rd period - Shot by Taylor Hall.
16:27 of 3rd period - Shot Misses the Net.
17:10 of 3rd period - Minor Penalty to Calvin de Haan for Hooking.
17:11 of 3rd period - Paul Stastny wins face-off versus Cody Eakin in Capitals zone.
17:11 of 3rd period - Paul Stastny is hit by Ryan McDonagh.
17:19 of 3rd period - Shot by Evgeni Malkin.
17:19 of 3rd period - Stopped by Cam Ward without a rebound.
17:20 of 3rd period - Cody Eakin wins face-off versus Paul Stastny in Capitals zone.
17:20 of 3rd period - Cody Eakin is hit by Paul Stastny.
18:07 of 3rd period - Shot by Zdeno Chara.
18:07 of 3rd period - Stopped by Cam Ward without a rebound.
18:08 of 3rd period - Mike Richards wins face-off versus David Desharnais in Capitals zone.
18:31 of 3rd period - Shot by Jason Demers.
18:31 of 3rd period - Deflect By Jonathan Huberdeau.
18:31 of 3rd period - Stopped by Cam Ward without a rebound.
18:32 of 3rd period - Cody Eakin wins face-off versus Paul Stastny in Capitals zone.
18:38 of 3rd period - Icing by Duncan Keith.
18:39 of 3rd period - Paul Stastny wins face-off versus Cody Eakin in Stars zone.
18:39 of 3rd period - Paul Stastny is hit by Taylor Hall.
18:49 of 3rd period - Shot by Duncan Keith.
18:49 of 3rd period - Stopped by Cam Ward with a rebound.
18:51 of 3rd period - Shot by Duncan Keith.
18:51 of 3rd period - Stopped by Cam Ward with a rebound.
19:01 of 3rd period - Stars, Jonathan Quick is pulled from the net.
19:05 of 3rd period - Shot by Evgeni Malkin.
19:05 of 3rd period - Shot Blocked by Ryan McDonagh.
19:07 of 3rd period - Shot by Duncan Keith.
19:07 of 3rd period - Stopped by Cam Ward without a rebound.
19:08 of 3rd period - Mike Richards wins face-off versus David Desharnais in Capitals zone.
19:11 of 3rd period - Shot by Paul Byron.
19:11 of 3rd period - Shot Misses the Net.
19:52 of 3rd period - Shot by Evgeni Malkin.
19:52 of 3rd period - Shot Blocked by Mike Green.
Goals for this period are 1 for Stars vs 0 for Capitals.
Shots for this period are 11 for Stars vs 4 for Capitals.